 Dungeon Sprint DCSS version 0.28.0-1-gb440e238dd (webtiles) character file.

Game seed: 17780475282688766898

3003 Groucho the Protected (level 9, -14/57 HPs)
             Began as a Barachi Wanderer on Feb 18, 2022.
             Was a High Priest of Cheibriados.
             Succumbed to an ushabti's dark miasma
             ... in the Dungeon (Sprint V: "Ziggurat Sprint").
             The game lasted 00:11:02 (987 turns).

Groucho the Protected (Barachi Wanderer)             Turns: 987, Time: 00:11:03

Health: -14/57     AC: 31    Str: 28    XL:     9   Next: 84%
Magic:  7/16       EV: 13    Int: 22    God:    Cheibriados [*****.]
Gold:   0          SH: 34    Dex: 31    Spells: 11/12 levels left

rFire   + . .      SeeInvis +   D - +14 obsidian axe {vorpal, Mesm Drain Fly SInv}
rCold   . . .      Faith    .   F - +18 shield of the Gong {rElec rN+ Will+ EV-5}
rNeg    + + .      Spirit   .   E - +15 Maxwell's patent armour {-Cast -Tele rElec Will+ rCorr}
rPois   .          Reflect  .   (no helmet)
rElec   +          Harm     .   (no cloak)
rCorr   +          Rampage  .   (no gloves)
Will    +++..      NoTele   +   (no boots)
Stlth   .......... NoCast   +   (no amulet)
HPRegen 0.19/turn               I - ring "Keros" {rF+ rN+ Will+}
MPRegen 0.15/turn               B - +6 ring of strength

@: lethally poisoned (-14 -> -66), flying, mesmerised, slowed, studying Fire
Magic, very slow
A: amphibious, slowness 1, strong legs 1, +LOS
a: Hop, Renounce Religion, Bend Time, Temporal Distortion, Slouch, Step From
Time


You were in the Dungeon.
You worshipped Cheibriados.
Cheibriados was extremely pleased with you.
You visited 1 branch

Inventory:

Hand Weapons
 D - the +14 obsidian axe (weapon) {vorpal, Mesm Drain Fly SInv}
   (You found it in the Dungeon)

   It inflicts extra damage upon your enemies.
   It occasionally summons demons to assist the wielder when it strikes in
   combat.
   Its wielder is mesmerised by any visible foes.
   It cannot be unequipped while any foes are visible.
   SInv:      It lets you see invisible.
   Fly:       It grants you flight.
   Drain:     It drains your maximum health when unequipped.
 G - a +5 fustibalus
Missiles
 H - 1000 sling bullets
Armour
 a - +5 gold dragon scales
 E - the +15 Maxwell's patent armour (worn) {-Cast -Tele rElec Will+ rCorr}
   (You found it in the Dungeon)

   rElec:     It insulates you from electricity.
   -Cast:     It prevents spellcasting.
   -Tele:     It prevents most forms of teleportation.
   rCorr:     It protects you from acid and corrosion.
   Will:      It increases your willpower.
 F - the +18 shield of the Gong (worn) {rElec rN+ Will+ EV-5}
   (You found it in the Dungeon)

   It is deafeningly noisy when blocking attacks.
   EV:        It affects your evasion (-5).
   rElec:     It insulates you from electricity.
   rN:        It protects you from negative energy.
   Will:      It increases your willpower.
Jewellery
 w - a ring of flight
 x - a +6 ring of dexterity
 y - a +6 ring of dexterity
 z - a +6 ring of intelligence
 A - a +6 ring of intelligence
 B - a +6 ring of strength (right hand)
 C - a +6 ring of strength
 I - the ring "Keros" (left hand) {rF+ rN+ Will+}
   (You found it in the Dungeon)

   [ring of positive energy]

   rF:        It protects you from fire.
   rN:        It protects you from negative energy.
   Will:      It increases your willpower.
Wands
 t - a wand of mindburst (7)
 u - a wand of iceblast (7)
 v - a wand of acid (7)
Scrolls
 b - a scroll of silence
 j - 4 scrolls of blinking
 o - 4 scrolls of amnesia
 p - 7 scrolls of fog
 q - a scroll of holy word
 r - 5 scrolls of identify
 s - 2 scrolls of fear
Potions
 c - 2 potions of brilliance
 e - 10 potions of curing
 f - 10 potions of heal wounds
 g - a potion of flight {unknown}
 h - 7 potions of magic
 i - 3 potions of berserk rage
 k - 2 potions of invisibility
 l - 4 potions of resistance
 m - a potion of experience
 n - 5 potions of might
Miscellaneous
 d - a tin of tremorstones (2/2)


   Skills:
 + Level 13.2 Armour
 + Level 12.2 Dodging
 + Level 12.2 Shields
 - Level 2.1 Spellcasting
 - Level 1.7 Necromancy
 + Level 10.3 Invocations
 - Level 5.4 Evocations


You had 11 spell levels left.
You knew the following spells:

 Your Spells              Type           Power      Damage    Failure   Level
a - Animate Skeleton      Necr           20%        N/A       65%         1

Your spell library contained the following spells:

 Spells                   Type           Power      Damage    Failure   Level
 Static Discharge         Conj/Air       2%         N/A       95%         2
 Vampiric Draining        Necr           10%        2d6       95%         3
 Lightning Bolt           Conj/Air       1%         1d12      100%        5
 Maxwell's Capacitive Co  Air            1%         ∞         100%        8


Dungeon Overview and Level Annotations

Branches:
Dungeon (1/1)

Altars:
Ashenzari
Cheibriados
Dithmenos
Elyvilon
Fedhas
Gozag
Hepliaklqana
Kikubaaqudgha
Makhleb
Nemelex Xobeh
Okawaru
Qazlal
Ru
Sif Muna
Trog
Uskayaw
Vehumet
Wu Jian
Xom
Yredelemnul
Zin
The Shining One
Beogh
Jiyva
Lugonu

Annotations:
D 1 transporter


Innate Abilities, Weirdness & Mutations

You are amphibious.
You cover ground slowly.
You can hop short distances.
You have an extended range of vision and can be seen from far away.


Message History

The vile air hits you but does no damage.
The mummy priest mumbles some strange prayers to its god.
You block the guardian mummy's attack.
GONNNNG!
Unknown command.
Unknown command.
Unknown command.
You slice the guardian mummy!!
You break out of your daze!
You destroy the guardian mummy!
Cheibriados appreciates the change of pace.
You barely miss the guardian mummy.
You feel extremely nervous for a moment...
Pain shoots through your body!
Visions of slaying the guardian mummy flood into your mind.
You are engulfed in dark miasma.
You are more poisoned.
You feel yourself slow down.
You feel extremely sick. You block the guardian mummy's attack.
GONNNNG!
You cannot move away from the guardian mummy!
Unknown command.
Unknown command.
You completely miss the guardian mummy.
The guardian mummy is severely damaged.
You slash the guardian mummy!
You are no longer entranced.
You destroy the guardian mummy!
Cheibriados thoroughly appreciates the change of pace.
You can now step out of the flow of time.
Cheibriados raises the support of your attributes as your movement slows.
You feel extremely nervous for a moment...
You feel horribly lethargic.
You feel as though you will be slow longer.
Visions of slaying the guardian mummy flood into your mind.
You are engulfed in dark miasma.
You are lethally poisoned!
* * * LOW HITPOINT WARNING * * *
You die...

▓▓▓▓▓▓▓▓▓▓▓▓▓▓▓▓▓▓▓
▓..8©8..▓ ▓..|:)..▓
▓..[)}..▓ ▓...WM..▓
▓...○MW.▓ ▓...9M..▓
▓...M.Z.▓ ▓.▓.@.▓.▓
▓...°...▓ ▓▓▓▓▓▓▓▓▓


You could see a mummy priest, a guardian mummy (mesmerising), an ushabti, a
wraith (summoned), a shadow (summoned), 2 mummies and a bat simulacrum
(summoned).

Vanquished Creatures
  A two-headed ogre (D)
  An ugly thing (D)
  2 guardian mummies (D)
  A troll (D)
  An air elemental (D)
  Sigmund (D)
  A water moccasin (shapeshifter) (D)
  A tengu (shapeshifter) (D)
  A wolf (D)
  A boggart (shapeshifter) (D)
  3 ogres (D)
14 creatures vanquished.

Vanquished Creatures (collateral kills)
  3 air elementals (D)
  A wolf (D)
  Blork the orc (D)
  Jessica (D)
6 creatures vanquished.

Grand Total: 20 creatures vanquished

Notes
Turn   | Place    | Note
-------+----------+-------------------------------------------
     0 | D        | Found the +6 Majin-Bo {vamp, MP+6 Int+6}
     0 | D        | Found the +9 heavy crossbow "Sniper" {vorpal, Acc+∞ SInv}
     0 | D        | Found the +10 dark maul {vorpal}
     0 | D        | Found the +15 Maxwell's patent armour {-Cast -Tele rElec
                  | Will+ rCorr}
     0 | D        | Found the +18 shield of the Gong {rElec rN+ Will+ EV-5}
     0 | D        | Found the +14 obsidian axe {vorpal, Mesm Drain Fly SInv}
     0 | D        | Found the +7 great mace "Firestarter" {inner flame, rF++}
     0 | D        | Found the +6 shillelagh "Devastator" {shatter}
     0 | D        | Found the +11 plutonium sword {Contam Stlth-}
     0 | D        | Found the +8 lance "Wyrmbane" {slay drac, rPois rF+ rC+
                  | AC+3}
     0 | D        | Found the +9 sword of Zonguldrok {reap}
     0 | D        | Found the +13 scythe of Curses {drain, Drain}
     0 | D        | Found the +5 sword of Power {vorpal}
     0 | D        | Found the +7 mace of Variability {chain chaos}
     0 | D        | Found the +7 Singing Sword {vorpal, sonic wave}
     0 | D        | Found the +8 storm bow {elec, penet}
     0 | D        | Groucho the Barachi Wanderer began the quest for the Orb.
     0 | D        | Groucho set off with the following items: a +0 dagger, a
                  | scroll of silence, a +0 robe, a tin of tremorstones (2/2),
                  | a potion of curing, a potion of heal wounds, a potion of
                  | haste, 2 potions of magic, a potion of berserk rage, a
                  | scroll of blinking; and the following spell memorised:
                  | Animate Skeleton; and the following spells available to
                  | memorise: Vampiric Draining
     0 | D        | Reached XP level 1. HP: 13/13 MP: 3/3
    10 | D        | Found a viscous altar of Jiyva.
    10 | D        | Found a hazy altar of Hepliaklqana.
    10 | D        | Found a transporter.
    10 | D        | Found an opulent altar of Gozag.
    10 | D        | Found an ancient bone altar of Kikubaaqudgha.
    10 | D        | Found a corrupted altar of Lugonu.
    11 | D        | Found a burning altar of Makhleb.
   101 | D        | Became a worshipper of Cheibriados the Contemplative
   116 | D        | Entered arena 2.
   116 | D        | Noticed a wolf
   116 | D        | Noticed a wolf
   116 | D        | Found a transporter.
   119 | D        | Killed a wolf
   120 | D        | Reached skill level 4 in Armour
   120 | D        | Reached XP level 2. HP: 19/19 MP: 5/5
   120 | D        | Reached XP level 3. HP: 24/24 MP: 6/6
   120 | D        | Reached XP level 4. HP: 30/30 MP: 7/7
   120 | D        | Killed a wolf
   120 | D        | Reached * piety under Cheibriados
   121 | D        | Reached skill level 6 in Armour
   121 | D        | Reached skill level 5 in Dodging
   121 | D        | Reached skill level 5 in Shields
   121 | D        | Reached XP level 5. HP: 35/35 MP: 8/8
   135 | D        | Entered arena 3.
   135 | D        | Noticed Sigmund
   135 | D        | Noticed Jessica
   135 | D        | Noticed Blork the orc
   135 | D        | Found a transporter.
   137 | D        | Killed Blork the orc
   138 | D        | Reached skill level 7 in Armour
   138 | D        | Reached skill level 5 in Invocations
   138 | D        | Reached XP level 6. HP: 41/41 MP: 9/9
   138 | D        | Killed Jessica
   138 | D        | Reached ** piety under Cheibriados
   142 | D        | Killed Sigmund
   143 | D        | Reached skill level 8 in Armour
   164 | D        | Entered arena 4.
   164 | D        | Noticed an air elemental
   164 | D        | Noticed an air elemental
   164 | D        | Noticed an air elemental
   164 | D        | Noticed an air elemental
   164 | D        | Found a transporter.
   164 | D        | Paralysed by an air elemental for 1 turns
   165 | D        | Killed an air elemental
   165 | D        | Reached *** piety under Cheibriados
   166 | D        | Reached skill level 9 in Armour
   166 | D        | Reached XP level 7. HP: 27/46 MP: 10/12
   167 | D        | Killed an air elemental
   167 | D        | Killed an air elemental
   167 | D        | Reached **** piety under Cheibriados
   168 | D        | Reached skill level 10 in Armour
   168 | D        | Reached XP level 8. HP: 21/52 MP: 10/13
   168 | D        | Paralysed by an air elemental for 1 turns
   169 | D        | Killed an air elemental
   557 | D        | Got the ring "Ijeaxop" {rElec rF+ rC- Int+3 SInv}
   565 | D        | Entered arena 5.
   565 | D        | Noticed a white ugly thing
   565 | D        | Found a transporter.
   566 | D        | Reached ***** piety under Cheibriados
   567 | D        | Reached skill level 10 in Dodging
   567 | D        | Reached skill level 10 in Shields
   568 | D        | Reached skill level 11 in Armour
   570 | D        | Killed a white ugly thing
   571 | D        | Reached XP level 9. HP: 57/57 MP: 5/15
   787 | D        | Entered arena 6.
   787 | D        | Noticed a troll
   787 | D        | Noticed a two-headed ogre
   787 | D        | Found a transporter.
   789 | D        | Killed a troll
   790 | D        | Reached skill level 12 in Armour
   791 | D        | Killed a two-headed ogre
   792 | D        | Reached skill level 13 in Armour
   792 | D        | Reached skill level 10 in Invocations
   800 | D        | Got the ring "Keros" {rF+ rN+ Will+}
   982 | D        | Entered arena 7.
   982 | D        | Noticed a guardian mummy
   982 | D        | Noticed a mummy priest
   982 | D        | Noticed a guardian mummy
   982 | D        | Noticed a guardian mummy
   982 | D        | Found a transporter.
   986 | D        | Killed a guardian mummy
   987 | D        | Killed a guardian mummy
   987 | D        | Succumbed to an ushabti's dark miasma

Illustrated notes

Levels and vault maps discovered:
D:        sprint_v [room_start, room_1, room_2, room_3, room_4, room_5, room_6,
          room_7, room_8, room_9, room_10, room_11, room_12, room_13, room_14,
          room_15, room_16, room_17, room_18, room_19, room_20, room_21,
          room_22, room_23, room_24, room_25, room_26, room_27]

Skill      XL: |  1  2  3  4  5  6  7  8  9 |
---------------+----------------------------+-----
Armour         | 4 6 7 9 10 11 13 | 13.2
Dodging        | 4 5 6 8 9 10 12 | 12.2
Shields        | 4 5 6 8 9 10 12 | 12.2
Invocations    | 3 4 5 6 7 9 10 | 10.3
Spellcasting   | |  2.1
Necromancy     | |  1.7
Evocations     | |  5.4

Action                   |  1- 3 |  4- 6 |  7- 9 || total
-------------------------+-------+-------+-------++-------
Melee: Broad axe         |     3 |     6 |    10 ||    19
Invok: Slouch            |       |       |     6 ||     6
Armor: Plate armour      |     5 |     5 |    10 ||    20
Dodge: Dodged            |       |       |     3 ||     3
Block: Kite shield       |    10 |    13 |    17 ||    40
